 Dungeon Crawl Stone Soup version 0.31-a0-1540-g5a0b83f448 (webtiles) character file.

Game seed: 13359253203062308933

450 Xavori the Trooper (level 7, -16/52 HPs)
             Began as a Djinni Chaos Knight on Jan 1, 2024.
             Was a Plaything of Xom.
             Killed from afar by an acid dragon (38 damage)
             ... with a splash of acid
             ... on level 5 of the Dungeon.
             The game lasted 00:04:31 (11154 turns).

Xavori the Trooper (Djinni Chaos Knight)           Turns: 11154, Time: 00:04:32

Health: -16/52     AC:  0    Str: 11    XL:     7   Next: 25%
Gold:   177        EV: 12    Int: 14    God:    Xom [...*..] SH:  4 Dex: 14

rFire   + + .        a - +0 falchion (chaos)
rCold   . . .        (no shield)
rNeg    . . .        b - +2 leather armour
rPois   ∞            (no helmet)
rElec   .            (no cloak)
rCorr   .            (no gloves)
SInv    .            (boots unavailable)
Will    .....        (no amulet)
Stlth   +            f - ring of protection from cold
HPRegen 0.28/turn    (no ring)
MPRegen 0.00/turn

%: infuse magic (-17 HP)
@: corroded, flying
A: sickness immunity, fire resistance 2, cold vulnerability 1, float, innate
caster, HP casting, extra vitality 1, large bone plates 1, deformed body,
subdued magic 2
a: Renounce Religion


You were on level 5 of the Dungeon.
You worshipped Xom.
You were a favourite toy of Xom.
You visited 1 branch of the dungeon, and saw 5 of its levels.

You collected 177 gold pieces.

Inventory:

Hand Weapons
 a - a +0 falchion of chaos (weapon)
Armour
 b - a +2 leather armour (worn)
Jewellery
 f - a ring of protection from cold (left hand)
Scrolls
 c - 2 scrolls of butterflies
 e - 2 scrolls of identify
 g - a scroll of teleportation {unknown}
 h - 2 scrolls of blinking
 i - a scroll of fog
 k - a scroll of enchant weapon
 m - a scroll of enchant armour {unknown}
 n - a scroll of brand weapon {unknown}
Potions
 d - a potion of resistance {unknown}
 j - a potion of mutation {unknown}
 l - a potion of degeneration {unknown}
 o - a potion of magic {unknown}
 p - a potion of attraction {unknown}


   Skills:
 + Level 4.1 Fighting
 + Level 3.7 Long Blades
 + Level 2.8 Armour
 + Level 3.7 Dodging
 * Level 3.0 Spellcasting
 * Level 3.0 Conjurations
 * Level 3.0 Hexes
   Level 0.0 Charms
 * Level 3.0 Summonings
 * Level 3.0 Necromancy
 * Level 3.0 Translocations
   Level 0.0 Transmutations
 * Level 3.0 Fire Magic
 * Level 3.0 Ice Magic
 * Level 3.0 Air Magic
 * Level 3.0 Earth Magic
 * Level 3.0 Alchemy


You knew the following spells:

 Your Spells              Type           Power      Damage    Failure   Level
a - Necrotise             Necr           24%        1d5       4%          1
b - Searing Ray           Conj           12%        2d4       8%          2
c - Passwall              Erth           6%         N/A       17%         3
Your spell library was empty.

Dungeon Overview and Level Annotations

Branches:
Dungeon (5/15)             Temple (0/1) D:5

Altars:
Wu Jian
Yredelemnul

Shops:
D:3 [


Innate Abilities, Weirdness & Mutations

You are immune to sickness and miasma.
You are immune to poison.
Your flesh is very heat resistant. (rF++)
You are vulnerable to cold. (rC-)
You float through the air rather than walking.
You learn spells naturally, not from books.
Your magical power is your life essence.
You have superior vitality. (+4 MHP)
You are partially covered in large bone plates. (SH +4)
Armour fits poorly on your strangely shaped body.
Your spells are easier to cast, but less powerful.


Message History

The acid dragon spits acid at you. The splash of acid hits you!!
A shower of butterflies erupts from you!
The acid corrodes you!
You swap places.
The acid dragon barely misses your butterfly.
The acid dragon misses your butterfly.
Unknown command.
You swap places.
The acid dragon misses your butterfly.
The acid dragon closely misses your butterfly.
Press: ? - help, v - describe, . - travel, g - get item
Here: an acid dragon (severely wounded, catching its breath, ally target)
Items here: a +0 hand axe; a +0 club; a +0 leather armour.
The floor.
Casting: Searing Ray (safe; 8% risk of failure)
Confirm with . or Enter, or press ? or * to list all spells.
Aiming: Searing Ray (safe; 8% risk of failure)
Press: ? - help, Shift-Dir - straight line, f/p - acid dragon
Aim: an acid dragon (severely wounded, ally target, 74% to hit)
The searing ray hits your butterfly.
You kill your butterfly!
Your butterfly disappears in a puff of smoke!
The searing ray misses your butterfly.
The searing ray hits the acid dragon.
The acid dragon is almost dead.
The searing ray misses the orc. (Press . to maintain the ray.)
The acid dragon barely misses your butterfly. x2
Okay, then.
You stop channelling your searing ray.
The acid dragon bites your butterfly!
Your butterfly dies!
Your butterfly disappears in a puff of smoke!
There are monsters nearby!
You hit the acid dragon. You freeze the acid dragon.
The acid dragon is almost dead.
The acid dragon spits acid at you. The splash of acid hits you!!!
Ouch! That really hurt!
You die...
Xom cackles wildly!

...>#.#.#.#### .............
..........# #.# #b#### ..
#.##.. ..# ##.## #o##.# #.#
#...# #D##.# #.# #.⌠.#
##@##.# #.# ####...###..##.#
#.#
#..........###.######.######
#.⌠..>..⌠...........#.##....
#..........###.###..#.##.###
####...###.# #.......>##.#
#.⌠.# #.# #####..####.#
##...# #.# #.........###
#...####.# #.#..........


You could see an acid dragon (catching breath, ally target) and an orc.

Vanquished Creatures
  A wyvern (D:4)
  An orc priest (D:5)
  2 hounds (D:4)
  2 iguanas (D:5)
  An orc wizard (D:4)
  3 gnolls (D:4)
  4 adders
  A ribbon worm (D:4)
  10 orcs
  7 bats
  7 endoplasms
  A goblin (D:2)
  2 hobgoblins
  2 quokkas
  7 ball pythons
  4 kobolds
  4 rats
59 creatures vanquished.

Vanquished Creatures (others)
  A bat zombie (D:3)
1 creature vanquished.

Grand Total: 60 creatures vanquished

Notes
Turn   | Place    | Note
-------+----------+-------------------------------------------
     0 | D:1      | Xavori the Djinni Chaos Knight began the quest for the Orb.
     0 | D:1      | Reached XP level 1. HP: 20/20 MP: 0/0
   104 | D:1      | XOM: divination: detect items
   233 | D:1      | Found a faded altar of an unknown god.
   276 | D:1      | Reached XP level 2. HP: 25/25 MP: 0/0
   364 | D:1      | XOM: silly message
   651 | D:1      | XOM: cloud trail
   923 | D:1      | XOM: silly message
  1002 | D:1      | XOM: silly message
  1898 | D:1      | XOM: noise
  2237 | D:1      | XOM is BORED!
  2237 | D:1      | XOM: noise
  2639 | D:1      | XOM: silly message
  2956 | D:1      | XOM: noise
  3054 | D:1      | XOM: silly message
  3131 | D:1      | XOM is BORED!
  3293 | D:1      | XOM: silly message
  3784 | D:1      | XOM: summons 2 hostile demons
  3803 | D:2      | Reached XP level 3. HP: 26/30 MP: 0/0
  3803 | D:2      | Learned a level 1 spell: Necrotise
  4076 | D:1      | XOM is BORED!
  4076 | D:1      | XOM: summons 2 hostile demons
  4477 | D:2      | XOM: 6-stop teleportation journey
  4485 | D:2      | Reached skill level 1 in Spellcasting
  4485 | D:2      | Reached skill level 1 in Conjurations
  4485 | D:2      | Reached skill level 1 in Hexes
  4485 | D:2      | Reached skill level 1 in Summonings
  4485 | D:2      | Reached skill level 1 in Necromancy
  4485 | D:2      | Reached skill level 1 in Translocations
  4485 | D:2      | Reached skill level 1 in Fire Magic
  4485 | D:2      | Reached skill level 1 in Ice Magic
  4485 | D:2      | Reached skill level 1 in Air Magic
  4485 | D:2      | Reached skill level 1 in Earth Magic
  4485 | D:2      | Reached skill level 1 in Alchemy
  5441 | D:1      | XOM: silly message
  5833 | D:1      | XOM: divination: magic mapping
  6100 | D:1      | XOM: silly message
  6870 | D:1      | XOM: god gift: book of Scorching
  7144 | D:1      | XOM: noise
  7731 | D:1      | XOM: summons 2 hostile demons
  7889 | D:2      | XOM: stat loss: -1 Str (10/11)
  8293 | D:1      | XOM: give mutations
  8293 | D:1      | Gained mutation: You are partially covered in large bone
                  | plates. (SH +4) [Xom's mischief]
  8293 | D:1      | Gained mutation: Your spells are a little easier to cast,
                  | but a little less powerful. [Xom's mischief]
  8293 | D:1      | Gained mutation: Your muscles are strong. (Str +4, Int/Dex
                  | -1) [Xom's mischief]
  8293 | D:1      | Lost mutation: Your muscles are strong. (Str +4, Int/Dex
                  | -1) [Xom's mischief]
  8584 | D:2      | XOM: 1-stop teleportation journey
  8600 | D:2      | XOM: 2-stop teleportation journey
  8790 | D:2      | XOM: summons 4 hostile shadow creatures
  8954 | D:3      | Reached XP level 4. HP: 35/35 MP: 0/0
  8961 | D:3      | Found an ornate altar of the Wu Jian Council.
  8963 | D:3      | Found a basalt altar of Yredelemnul.
  8987 | D:3      | Found Gosasior's Armour Shoppe.
  9328 | D:4      | Reached XP level 5. HP: 5/40 MP: 0/0
  9328 | D:4      | Learned a level 2 spell: Searing Ray
  9941 | D:4      | XOM: torment (21/40 hp)
  9993 | D:4      | XOM: give mutation
  9993 | D:4      | Gained mutation: You are very vulnerable to cold. (rC--)
                  | [Xom's mischief]
 10047 | D:4      | Noticed a wyvern
 10056 | D:4      | XOM: silly message
 10057 | D:4      | XOM: confusion (+ monsters)
 10071 | D:4      | Killed a wyvern
 10072 | D:4      | Reached XP level 6. HP: 47/47 MP: 0/0
 10221 | D:4      | XOM: give mutations
 10221 | D:4      | Gained mutation: Your spells are easier to cast, but less
                  | powerful. [Xom's mischief]
 10221 | D:4      | Lost mutation: You are very vulnerable to cold. (rC--)
                  | [Xom's mischief]
 10221 | D:4      | Gained mutation: Armour fits poorly on your strangely
                  | shaped body. [Xom's mischief]
 10345 | D:4      | XOM: silly message
 10640 | D:5      | Entered Level 5 of the Dungeon
 10654 | D:5      | Reached XP level 7. HP: 39/51 MP: 0/0
 10654 | D:5      | Learned a level 3 spell: Passwall
 10710 | D:5      | Found a staircase to the Ecumenical Temple.
 10723 | D:5      | Reached skill level 4 in Fighting
 11145 | D:5      | an orc priest changed into an acid dragon
 11145 | D:5      | Noticed an acid dragon
 11146 | D:5      | XOM: butterfly on damage
 11154 | D:5      | Killed from afar by an acid dragon

Illustrated notes

Levels and vault maps discovered:
D:1:      tarquinn_simple_flora_water_f, layout_loops_ring,
          nicolae_ecumenical_snake_handling
D:2:      layout_basic
D:3:      layout_rooms, nicolae_overflow_hidden_temple, serial_shops,
          nicolae_shop_stone
D:4:      layout_loops_cross, kennysheep_donut
D:5:      layout_loops_ring, nicolae_kikubaaqudgha_miasma_corner,
          minmay_temple_entry_junction, nicolae_shop_fire_sale
          [nicolae_sub_dead_trees]

Skill      XL: |  1  2  3  4  5  6  7 |
---------------+----------------------+-----
Spellcasting   | 1 2 3 |  3.0
Conjurations   | 1 2 3 |  3.0
Hexes          | 1 2 3 |  3.0
Summonings     | 1 2 3 |  3.0
Necromancy     | 1 2 3 |  3.0
Translocations | 1 2 3 |  3.0
Fire Magic     | 1 2 3 |  3.0
Ice Magic      | 1 2 3 |  3.0
Air Magic      | 1 2 3 |  3.0
Earth Magic    | 1 2 3 |  3.0
Alchemy        | 1 2 3 |  3.0
Long Blades    | 3 |  3.7
Armour         | 2 |  2.8
Dodging        | 3 |  3.7
Fighting       | 4 |  4.1

Action                     |  1- 3 |  4- 6 |  7- 9 || total
---------------------------+-------+-------+-------++-------
  Melee: Falchion          |    87 |    97 |    18 ||   202
         Punch             |     1 |     2 |       ||     3
   Cast: Searing Ray       |       |     2 |     6 ||     8
    Use: Scroll            |     2 |     2 |       ||     4
         Potion            |       |     1 |       ||     1
   Stab: Paralysed         |     1 |       |       ||     1
 Armour: Leather armour    |    44 |    53 |    14 ||   111
  Dodge: Dodged            |    77 |    42 |    13 ||   132
  Block: Other             |     8 |    23 |     4 ||    35

Table legend: (Time is in decaauts)
 A = Elapsed time spent in this place.
 B = Non-inter-level travel time spent in this place.
 C = Inter-level travel time spent in this place.
 D = Time resting spent in this place.
 E = Time spent auto-exploring this place.
 F = Levels seen in this place.
 G = Mean time per level.
                   A        B        C        D        E       F      G
               +--------+--------+--------+--------+--------+-----+--------+
         Total |  11190 |  11095 |     95 |   8216 |   2275 |   5 | 2238.0 |
       Dungeon |  11190 |  11095 |     95 |   8216 |   2275 |   5 | 2238.0 |
               +--------+--------+--------+--------+--------+-----+--------+

Top non-repeatable levels by time:
     D:1: 7651 daAuts
     D:2: 1191 daAuts
     D:4: 1000 daAuts
     D:3: 829 daAuts
     D:5: 517 daAuts
